 Dungeon Crawl Stone Soup version 0.30-a0-1160-g6e42c06551 (webtiles) character file.

Game seed: 15384150317527095441

10474 Adrian566 the Grappler (level 11, -1/151 HPs)
             Began as a Troll Fighter on Apr 26, 2023.
             Was an Initiate of Gozag.
             Engulfed by a steam dragon's steam (5 damage)
             ... on level 9 of the Dungeon.
             The game lasted 00:10:12 (7504 turns).

Adrian566 the Grappler (Troll Fighter)              Turns: 7504, Time: 00:10:13

Health: -1/151     AC:  4    Str: 30    XL:     11   Next: 36%
Magic:  0/10       EV: 10    Int:  4    God:    Gozag
Gold:   788        SH: 10    Dex:  9    Spells: 10/10 levels left

rFire   . .          .
                       - Unarmed
rCold   . . .        b - +1 kite shield
rNeg    . . .        a - +0 robe
rPois   .            (helmet restricted)
rElec   .            (no cloak)
rCorr   .            (gloves unavailable)
SInv    .            (boots unavailable)
Will    .....        f - amulet of guardian spirit Stlth
                     (no ring)
HPRegen 1.25/turn    (no ring)
MPRegen 0.12/turn

%: guardian spirit
@: berserking, gold aura, very quick
A: large, unfitting armour, claws 3, regeneration 1, shaggy fur 1, tough skin 1
a: Renounce Religion, Potion Petition, Call Merchant, Bribe Branch


You were on level 9 of the Dungeon.
You worshipped Gozag.
Gozag was pleased with you.
You visited 2 branches of the dungeon, and saw 10 of its levels.

You collected 1610 gold pieces.
You paid 822 gold pieces to Gozag.

Inventory:

Armour
 a - a +0 robe (worn)
 b - a +1 kite shield (worn)
Jewellery
 f - an amulet of guardian spirit (around neck)
 j - a ring of ice
 B - the ring "Wowkon" {Drain EV+5 Int+7}
   (You took it off Maggie on level 8 of the Dungeon)

   [ring of evasion]

   EV:        It affects your evasion (+5).
   Int:       It affects your intelligence (+7).
   Drain:     It drains your maximum health when unequipped.
 E - a ring of protection from cold
Wands
 g - a wand of iceblast (12)
 l - a wand of mindburst (8)
 v - a wand of flame (19)
 y - a wand of polymorph (9)
 z - a wand of charming (3)
 A - a wand of acid (1)
Scrolls
 h - 3 scrolls of amnesia
 m - 5 scrolls of enchant armour
 q - a scroll of brand weapon
 s - a scroll of noise {unknown}
 u - 3 scrolls of identify
 x - a scroll of fog
 D - a scroll of teleportation
Potions
 c - a potion of might
 d - 3 potions of cancellation
 i - 3 potions of curing
 k - a potion of magic {unknown}
 n - a potion of brilliance
 o - 4 potions of mutation {unknown}
 p - a potion of degeneration
 r - a potion of flight
 w - a potion of invisibility
 C - a potion of lignification {unknown}


   Skills:
 + Level 4.6 Fighting
 + Level 5.9 Dodging
 + Level 2.4 Stealth
 * Level 7.6 Shields
 + Level 13.6 Unarmed Combat


You had 10 spell levels left.
You didn't know any spells.
Your spell library contained the following spells:

 Spells                   Type           Power      Damage    Failure   Level
 Beastly Appendage        Tmut           0%         N/A       67%         1
 Blink                    Tloc           0%         N/A       82%         2
 Cigotuvi's Dreadful Rot  Necr/Pois/Air  0%         N/A       82%         2
 Lesser Beckoning         Tloc           0%         N/A       82%         2
 Momentum Strike          Conj/Tloc      0%         3d8       82%         2
 Poisonous Vapours        Pois/Air       0%         N/A       82%         2
 Scorch                   Fire           0%         2d5       82%         2
 Wereblood                Tmut           0%         N/A       82%         2
 Call Canine Familiar     Summ           0%         N/A       96%         3
 Dazzling Flash           Conj/Hex       0%         N/A       96%         3
 Gell's Gravitas          Tloc           0%         N/A       96%         3
 Spider Form              Tmut/Pois      0%         N/A       96%         3
 Teleport Other           Tloc           0%         N/A       96%         3
 Dispel Undead            Necr           0%         3d6       100%        4
 Flame Wave               Conj/Fire      0%         2d4       100%        4
 Agony                    Necr           0%         N/A       100%        5
 Silence                  Hex/Air        0%         N/A       100%        5
 Death Channel            Necr           0%         N/A       100%        6
 Dispersal                Tloc           0%         N/A       100%        6
 Eringya's Noxious Bog    Tmut/Pois      0%         N/A       100%        6
 Summon Cactus Giant      Summ           0%         N/A       100%        6


Dungeon Overview and Level Annotations

Branches:
Dungeon (9/15)             Temple (1/1) D:5            Lair (0/5) D:9
    Orc: D:9-12

Altars:
Ashenzari
Cheibriados
Dithmenos
Elyvilon
Fedhas
Gozag
Hepliaklqana
Kikubaaqudgha
Makhleb
Nemelex Xobeh
Okawaru
Qazlal
Ru
Sif Muna
Trog
Uskayaw
Vehumet
Wu Jian
Xom
Yredelemnul
Zin
The Shining One

Annotations:
D:9 1 runed translucent door


Innate Abilities, Weirdness & Mutations

You are too large for most types of armour.
You have claws for hands.
Your natural rate of healing is unusually fast.
You are covered in fur. (AC +1)
You have tough skin. (AC +1)


Message History

The fire crab is severely wounded.
The steam dragon is distracted by your dazzling golden aura.
You block the fire crab's attack. The fire crab claws you.
You are engulfed in flames!
The kobold brigand hits you with a +0 short sword.
The steam dragon hisses angrily.
You mangle the fire crab!!
You kill the fire crab!
The fire crab's shape twists and changes as it dies.
The kobold brigand hits you with a +0 short sword.
You block the cyclops's attack. The kobold brigand closely misses you.
You see here 21 gold pieces.
You mangle the steam dragon!!
The steam dragon is no longer distracted by gold.
The steam dragon is severely wounded.
The steam dragon breathes steam at you. The ball of steam hits you!
You block the cyclops's attack.
You barely miss the steam dragon.
The steam dragon is severely wounded.
You are engulfed in a cloud of scalding steam.
* * * LOW HITPOINT WARNING * * *
You block the kobold brigand's attack.
The steam dragon is distracted by your dazzling golden aura.
The steam dragon hisses angrily.
A red film seems to cover your vision as you go berserk!
You feel yourself moving faster!
You feel mighty! You block the kobold brigand's attack.
The cyclops is engulfed in a cloud of scalding steam.
The cyclops hits you!!
* * * LOW HITPOINT WARNING * * *
You eviscerate the cyclops!!!
The cyclops is almost dead.
You are engulfed in a cloud of scalding steam.
* * * LOW HITPOINT WARNING * * *
The kobold brigand barely misses you.
You claw the cyclops!
You kill the cyclops!
You are engulfed in a cloud of scalding steam.
You die...
Your body crumbles into a pile of gold.

....
#.......##.#
#....
#g...Y###.#
#.... #$$.#
#..# #..c#
##.####.##
...#
##.g##.'##
+.#
#..##...# #
##§##...## #
##§$K§..## #
##.§§@D§## #
#.l#..§§§..#
#
#).#.....§.#
#
#)?#....$..#
##
#####.....##
.# ##...##
.# ##### .#
.#


You could see a steam dragon and a kobold brigand.

Vanquished Creatures
  A boulder beetle (D:8)
  A two-headed ogre (D:9)
  A fire crab (shapeshifter) (D:9)
  A cyclops (D:9)
  The ghost of avis the Ducker, a novice DgTm (D:5)
  A gargoyle (D:8)
  Maggie (D:8)
  A komodo dragon (D:8)
  A troll (D:8)
  A hornet (D:9)
  A vampire (D:8)
  Sigmund (D:5)
  A wraith (D:6)
  10 yaks (D:9)
  4 steam dragons
  4 wyverns (D:9)
  Edmund (D:5)
  3 water moccasins
  An acid dragon (D:8)
  4 orc warriors
  A black bear (D:4)
  An ice beast (D:8)
  3 centaurs (D:9)
  A phantom (D:4)
  4 bullfrogs
  3 kobold brigands
  A gnoll sergeant (D:9)
  4 scorpions (D:5)
  5 wights (D:9)
  13 killer bees
  3 howler monkeys
  4 hounds
  4 jellies
  4 orc priests
  2 gnoll boudas
  2 sleepcaps
  Jessica (D:3)
  8 orc wizards
  Terence (D:3)
  7 iguanas
  8 gnolls
  6 adders
  A shadow imp (D:8)
  A white imp (D:8)
  2 worms
  3 dart slugs
  41 orcs
  13 endoplasms
  6 giant cockroaches
  6 goblins
  10 hobgoblins
  4 jackals (D:2)
  15 kobolds
  4 quokkas
  7 ball pythons
  6 bats
  2 frilled lizards (D:2)
  6 rats
253 creatures vanquished.

Vanquished Creatures (others)
  2 kobolds (D:5)
  4 fungi
  5 plants
11 creatures vanquished.

Grand Total: 264 creatures vanquished

Notes
Turn   | Place    | Note
-------+----------+-------------------------------------------
     0 | D:1      | Adrian566 the Troll Fighter began the quest for the Orb.
     0 | D:1      | Reached XP level 1. HP: 22/22 MP: 0/0
   176 | D:1      | Reached XP level 2. HP: 29/29 MP: 1/1
   603 | D:2      | Reached XP level 3. HP: 36/36 MP: 2/2
   631 | D:2      | Got the Elucidation of Infected Convocation
   634 | D:2      | Identified the +1 pair of boots of Cynicism {rElec Will++
                  | Regen+ Slay-6}
   865 | D:2      | Reached skill level 3 in Unarmed Combat
  1250 | D:3      | Found a basalt altar of Yredelemnul.
  1257 | D:3      | Reached XP level 4. HP: 44/44 MP: 3/3
  1386 | D:3      | Noticed Terence
  1396 | D:3      | Killed Terence
  1563 | D:3      | Reached XP level 5. HP: 46/52 MP: 4/4
  1617 | D:3      | Noticed Jessica
  1620 | D:3      | Killed Jessica
  1621 | D:3      | Reached skill level 4 in Unarmed Combat
  2335 | D:4      | Noticed a black bear
  2344 | D:4      | Killed a black bear
  2345 | D:4      | Reached skill level 5 in Unarmed Combat
  2345 | D:4      | Reached XP level 6. HP: 45/61 MP: 5/5
  2630 | D:4      | Reached XP level 7. HP: 63/67 MP: 6/6
  2763 | D:5      | Entered Level 5 of the Dungeon
  2771 | D:5      | Reached skill level 6 in Unarmed Combat
  2933 | D:5      | Reached skill level 7 in Unarmed Combat
  3062 | D:5      | Found a staircase to the Ecumenical Temple.
  3076 | Temple   | Entered the Ecumenical Temple
  3162 | Temple   | Became a worshipper of Gozag Ym Sagoz the Greedy
  3213 | D:5      | Reached XP level 8. HP: 47/75 MP: 7/7
  3325 | D:5      | Reached skill level 8 in Unarmed Combat
  3471 | D:5      | Found a runed translucent gate.
  3471 | D:5      | Found a runed translucent gate.
  3471 | D:5      | Found a runed translucent gate.
  3472 | D:5      | Noticed avis's ghost (novice DgTm)
  3539 | D:5      | Noticed Sigmund
  3544 | D:5      | Killed Sigmund
  3663 | D:5      | Noticed Edmund
  3672 | D:5      | Killed Edmund
  3754 | D:5      | Killed avis's ghost
  3755 | D:5      | Reached skill level 1 in Stealth
  3755 | D:5      | Reached skill level 9 in Unarmed Combat
  3986 | D:6      | Found a broken altar of Ashenzari.
  3991 | D:6      | Reached XP level 9. HP: 77/83 MP: 8/8
  4119 | D:6      | Reached skill level 10 in Unarmed Combat
  4554 | D:6      | Reached skill level 5 in Shields
  4745 | D:7      | Found a radiant altar of Vehumet.
  5215 | D:7      | Reached skill level 11 in Unarmed Combat
  5217 | D:7      | Found a shadowy altar of Dithmenos.
  5306 | D:7      | Found a shimmering blue altar of Sif Muna.
  5315 | D:7      | Found a burning altar of Makhleb.
  5316 | D:7      | Found a shimmering altar of Xom.
  5316 | D:7      | Found a sacrificial altar of Ru.
  5477 | D:8      | Noticed a boulder beetle
  5484 | D:8      | Noticed a troll
  5488 | D:8      | Identified the ring "Wowkon" {Drain EV+5 Int+7}
  5488 | D:8      | Noticed Maggie
  5518 | D:8      | Noticed a gargoyle
  5522 | D:8      | Killed a troll
  5531 | D:8      | Reached XP level 10. HP: 34/92 MP: 9/9
  5910 | D:8      | Killed Maggie
  5911 | D:8      | Reached skill level 5 in Dodging
  5963 | D:8      | Killed a boulder beetle
  5964 | D:8      | Reached skill level 12 in Unarmed Combat
  6059 | D:8      | Killed a gargoyle
  6451 | D:9      | Found a runed translucent door.
  6491 | D:9      | Found a staircase to the Lair.
  6668 | D:9      | Reached skill level 13 in Unarmed Combat
  6859 | D:9      | Reached XP level 11. HP: 81/100 MP: 7/10
  7061 | D:9      | Found a runed translucent door.
  7289 | D:9      | Noticed a two-headed ogre
  7306 | D:9      | Killed a two-headed ogre
  7489 | D:9      | Noticed a fire crab
  7498 | D:9      | Killed a fire crab
  7502 | D:9      | HP: 7/151 [cyclops (29)]
  7504 | D:9      | Engulfed by a steam dragon's steam

Illustrated notes

Levels and vault maps discovered:
D:1:      dpeg_arrival_castle, layout_basic
D:2:      layout_loops_ring, grunt_ministairs_3, st_stairs_3,
          minmay_joined_circles
D:3:      layout_loops_corners, yredelemnul_altar_generic, uniq_jessica,
          uniq_terence
D:4:      layout_cave_pools, serial_bayou_lagoon_b
D:5:      layout_loops_ring, minmay_temple_entry_hall,
          gammafunk_ghost_nasty_kobolds, uniq_sigmund, uniq_edmund
D:6:      layout_loops_ring, nicolae_ashenzari_skybound, eino_curves_04
D:7:      layout_basic, lemuel_doored_altar, nicolae_dithmenos_shadow_blocks,
          minitemple
D:8:      layout_loops_ring, minmay_pinched_square, uniq_maggie
D:9:      cheibrodos_histonic, layout_basic, dpeg_oklobed_lair
Temple:   nicolae_temple_ecumenical_triangle

Skill      XL: |  1  2  3  4  5  6  7  8  9 10 |
---------------+-------------------------------+-----
Shields        | 3 4 5 7 |  7.6
Unarmed Combat | 3 5 7 9 11 13 | 13.6
Dodging        | 3 4 5 |  5.9
Fighting       | 3 4 |  4.6
Stealth        | 1 2 |  2.4

Action                     |  1- 3 |  4- 6 |  7- 9 | 10-12 || total
---------------------------+-------+-------+-------+-------++-------
  Melee: Unarmed           |   129 |   144 |   288 |   229 ||   790
 Invoke: Potion Petition   |       |       |     2 |       ||     2
    Use: Scroll            |       |       |    15 |     2 ||    17
         Potion            |       |       |    10 |     2 ||    12
   Stab: Sleeping          |     1 |     1 |       |     2 ||     4
         Distracted        |       |       |     3 |     3 ||     6
 Armour: Robe              |    49 |    44 |    50 |    16 ||   159
  Dodge: Dodged            |    38 |    54 |    88 |    55 ||   235
  Block: Kite shield       |    40 |    55 |    95 |    81 ||   271

Table legend: (Time is in decaauts)
 A = Elapsed time spent in this place.
 B = Non-inter-level travel time spent in this place.
 C = Inter-level travel time spent in this place.
 D = Time resting spent in this place.
 E = Time spent auto-exploring this place.
 F = Levels seen in this place.
 G = Mean time per level.
                   A        B        C        D        E       F      G
               +--------+--------+--------+--------+--------+-----+--------+
         Total |   7436 |   7166 |    270 |     63 |   5499 |  10 |  743.6 |
       Dungeon |   7340 |   7078 |    262 |     63 |   5437 |   9 |  815.6 |
        Temple |     95 |     87 |      8 |      0 |     62 |   1 |   95.0 |
               +--------+--------+--------+--------+--------+-----+--------+

Top non-repeatable levels by time:
     D:9: 1070 daAuts
     D:3: 992 daAuts
     D:5: 988 daAuts
     D:8: 965 daAuts
     D:6: 834 daAuts
     D:7: 705 daAuts
     D:2: 670 daAuts
     D:1: 588 daAuts
     D:4: 523 daAuts
  Temple: 95 daAuts
